 Dungeon Crawl Stone Soup version 0.31-a0-365-gcf821cafb2 (webtiles) character file.

Game seed: 678786520615759746

33 Maxmaps the Poker (level 3, 0/29 HPs)
             Began as a Mummy Monk on July 27, 2023.
             Slain by a goblin
             ... wielding a +0 club
             ... led by Robin
              (4 damage)
             ... on level 1 of the Dungeon.
             The game lasted 00:00:56 (917 turns).

Maxmaps the Poker (Mummy Monk)                       Turns: 917, Time: 00:00:57

Health: 0/29       AC:  2    Str: 14    XL:     3   Next: 12%
Magic:  3/3        EV: 12    Int: 11    God:
Gold:   39         SH:  0    Dex: 14    Spells: 2/2 levels left

rFire   x . .        a - +0 spear
rCold   + . .        c - orb {light}
rNeg    + + +        b - +0 robe
rPois   ∞            (no helmet)
rElec   .            (no cloak)
rCorr   .            (no gloves)
SInv    .            (no boots)
Will    .....        (no amulet)
Stlth   +            (no ring)
HPRegen 0.24/turn    (no ring)
MPRegen 0.08/turn

%: faith
@: glowing
A: cold resistance 1, negative energy resistance 3, torment resistance 2, heat
vulnerability 1, in touch with death 1, no potions, faith
a: no special abilities


You were on level 1 of the Dungeon.
You visited 1 branch of the dungeon, and saw 2 of its levels.

You collected 39 gold pieces.

Inventory:

Hand Weapons
 a - a +0 spear (weapon)
Missiles
 g - a throwing net
Armour
 b - a +0 robe (worn)
 c - an orb of light (worn)
Scrolls
 d - 2 scrolls of identify {unknown}
 e - a scroll of fog {unknown}
 f - a scroll of brand weapon {unknown}


   Skills:
 - Level 3.0 Fighting
 + Level 3.5 Polearms
 - Level 2.4 Dodging


You had 2 spell levels left.
You didn't know any spells.
Your spell library was empty.

Dungeon Overview and Level Annotations

Branches:
Dungeon (2/15)

Altars:

Shops:
D:2 =

Annotations:
D:2 Robin


Innate Abilities, Weirdness & Mutations

You are immune to poison.
Your flesh is cold resistant. (rC+)
You are immune to negative energy. (rN+++)
You are immune to unholy pain and torment.
You are vulnerable to heat. (rF-)
You are in touch with the powers of death.
You do not drink.
You have a special connection with the divine. (Faith)


Message History

The hobgoblin attacks as you move away! The hobgoblin barely misses you.
The goblin attacks as you move away! The goblin closely misses you.
Robin of the Strong Arm comes into view.
They are wielding a +0 dagger.
The hobgoblin hits you. The goblin barely misses you.
The hobgoblin hits you but does no damage.
The goblin barely misses you. The hobgoblin attacks as you move away!
The hobgoblin hits you. The goblin attacks as you move away!
The goblin barely misses you.
Found Ibreop's Jewellery Boutique.
There is a stone staircase leading up here.
Robin roars a battlecry!
The goblins go into a battle-frenzy!
The hobgoblin closely misses you. The goblin barely misses you.
The goblin completely misses you.
The goblin shouts!
You climb upwards.
There is a stone staircase leading down here.
You hit the goblin.
The goblin is severely wounded.
You barely miss the goblin.
The goblin is severely wounded.
The goblin hits you with a +0 club. x2; The goblin closely misses you.
The hobgoblin hits you.
You barely miss the goblin.
The goblin is severely wounded.
The goblin hits you with a +0 club. The goblin misses you.
The goblin closely misses you. The hobgoblin hits you.
You are too injured to fight recklessly!
Unknown command.
You are too injured to fight recklessly!
You barely miss the goblin.
The goblin is severely wounded.
The goblin hits you with a +0 club. x2
* * * LOW HITPOINT WARNING * * *
The goblin misses you. The hobgoblin hits you.
* * * LOW HITPOINT WARNING * * *
You hit the goblin.
You kill the goblin!
The goblin hits you with a +0 club.
You die...

#..##.##'#.# #.####..#.......
##.....#.#.# #.......#.......
####....#.# #.!##..##.......
#.#..#.# #..##.........#.
#.##.#.# #...#.......(.#.
#.##...#### ##..#.....#.#.##
#####.........#####............#.
#.....####.##..ggg.........#...#.
#.....##...###.#@...##...........
......##.#.....).........#####...
......'..#.###.######......#.....
.....†####.# #.######..#.........
......####.# #.........#...#.#...
.####....#.##########..##.#....##
[# #.##.#.##...##.....#.......#
.# #.##.#.##...##.!...#.....###
## #.##.#.##..)#...†........#


You could see a hobgoblin (strong) and 2 goblins.

Vanquished Creatures
  2 dart slugs (D:1)
  3 ball pythons (D:1)
  5 bats
  3 endoplasms
  3 goblins (D:1)
  4 hobgoblins (D:1)
  A kobold (D:1)
  A quokka (D:1)
  4 frilled lizards (D:1)
  A rat (D:1)
27 creatures vanquished.

Notes
Turn   | Place    | Note
-------+----------+-------------------------------------------
     0 | D:1      | Maxmaps the Mummy Monk began the quest for the Orb.
     0 | D:1      | Reached XP level 1. HP: 18/18 MP: 1/1
   137 | D:1      | Reached XP level 2. HP: 17/24 MP: 2/2
   573 | D:1      | Found a faded altar of an unknown god.
   706 | D:1      | Gained mutation: You are in touch with the powers of death.
                  | [Mummy growth]
   706 | D:1      | Reached XP level 3. HP: 29/29 MP: 3/3
   908 | D:2      | Noticed Robin
   910 | D:2      | Found Ibreop's Jewellery Boutique.
   917 | D:1      | Slain by a goblin

Illustrated notes

Levels and vault maps discovered:
D:1:      evilmike_arrival_crescent, layout_basic,
          hellmonk_ecumenical_altar_crossroads, hangedman_decor_lopped
D:2:      layout_basic, serial_shops, nicolae_shop_back_alley_shop,
          nicolae_shop_crystal, nicolae_shop_overgrown_old_shop, shop_fountains,
          uniq_robin

Skill      XL: |  1  2 |
---------------+-------+-----
Polearms       | 3 |  3.5
Fighting       | |  3.0
Dodging        | |  2.4

Action                     || total
---------------------------++-------
  Melee: Spear             ||    86
 Armour: Robe              ||    12
  Dodge: Dodged            ||    41

Table legend: (Time is in decaauts)
 A = Elapsed time spent in this place.
 B = Non-inter-level travel time spent in this place.
 C = Inter-level travel time spent in this place.
 D = Time resting spent in this place.
 E = Time spent auto-exploring this place.
 F = Levels seen in this place.
 G = Mean time per level.
                   A        B        C        D        E       F      G
               +--------+--------+--------+--------+--------+-----+--------+
         Total |    913 |    898 |     15 |      0 |    731 |   2 |  456.5 |
       Dungeon |    913 |    898 |     15 |      0 |    731 |   2 |  456.5 |
               +--------+--------+--------+--------+--------+-----+--------+

Top non-repeatable levels by time:
     D:1: 844 daAuts
     D:2: 68 daAuts
